 Dungeon Crawl Stone Soup version 0.32-a0-995-gb4a59205af (webtiles) character file.

Game seed: 11277208538893648641

163704 mopl the Fetichist (level 17, -6/133 HPs)
             Began as a Coglin Gladiator on Apr 22, 2024.
             Was the Champion of Okawaru.
             Mangled by a naga warrior
             ... wielding a +0 battleaxe
              (11 damage)
             ... on level 4 of the Snake Pit.
             The game lasted 00:58:22 (29338 turns).

mopl the Fetichist (Coglin Gladiator)              Turns: 29338, Time: 00:58:24

Health: -6/133     AC: 33    Str: 25    XL:     17   Next: 84%
Magic:  23/24      EV:  4    Int: 14    God:    Okawaru [******]
Gold:   1366       SH:  0    Dex: 16    Spells: 19/20 levels left

rFire   + + .        a - +0 double sword (flame) {Hideko}
rCold   + + +        H - +9 rapier of Wuikah {freeze, Stlth+}
rNeg    . . .        R - +10 plate armour of Indemnity {Str+2}
rPois   +            C - -1 helmet of the Nightingale {rC++ rCorr Int+3}
rElec   .            r - scarf {rC+ rF+}
rCorr   +            S - +1 pair of gloves
SInv    .            h - +1 pair of boots of Resonance {Int+4 Slay+5}
Will    +....        (amulet unavailable) Stlth
                     (ring unavailable)
HPRegen 0.42/turn    (ring unavailable)
MPRegen 0.19/turn    l - neomodule N-80 {rF+ Slay+3 Clar RMsl}

%: repel missiles, clarity
@: lethally poisoned (-6 -> -8), about to teleport, heroic, slowed, constricted,
very slow
A: off-hand wielding, slow wielding, warmup strikes, no jewellery, poison
resistance
a: Renounce Religion, Heroism, Finesse, Duel


You were on level 4 of the Snake Pit.
You worshipped Okawaru.
Okawaru was exalted by your worship.
You visited 5 branches of the dungeon, and saw 27 of its levels.
You also visited: Ossuary.

You collected 2862 gold pieces.
You spent 1496 gold pieces at shops.

Inventory:

Hand Weapons
 a - a +0 double sword of flaming (weapon) {Hideko}
 c - a +2 short sword of venom {Artakama}
 H - the +9 rapier of Wuikah (offhand) {freeze, Stlth+}
   (You bought it in a shop on level 11 of the Dungeon)

   Stlth+:    It makes you more stealthy.
Missiles
 d - 4 throwing nets
 e - 13 javelins
 n - 16 curare-tipped darts
 o - 67 poisoned darts
 p - 2 atropa-tipped darts
 M - 24 boomerangs (quivered)
Armour
 h - the +1 pair of boots of Resonance (worn) {Int+4 Slay+5}
   (Okawaru gifted it to you on level 1 of the Lair of Beasts)

   Int+4:     It affects your intelligence (+4).
   Slay+5:    It affects your accuracy & damage with ranged weapons and melee
   (+5).
 r - a scarf of resistance (worn)
 C - the -1 helmet of the Nightingale (worn) {rC++ rCorr Int+3}
   (You bought it in a shop on level 2 of the Orcish Mines)

   Int+3:     It affects your intelligence (+3).
   rC++:      It greatly protects you from cold.
   rCorr:     It protects you from acid and corrosion.
 R - the +10 plate armour of Indemnity (worn) {Str+2}
   (You found it on level 10 of the Dungeon)

   Str+2:     It affects your strength (+2).
 S - a +1 pair of gloves (worn)
Gizmo
 l - a neomodule N-80 (installed) {rF+ Slay+3 Clar RMsl}
   (You invented it yourself on level 13 of the Dungeon)

   [neomodule N-80]

   Slay+3:    It affects your accuracy & damage with ranged weapons and melee
   (+3).
   rF+:       It protects you from fire.
   Clar:      It protects you from confusion, rage, mesmerisation and fear.
   RMsl:      It protects you from missiles.
Wands
 b - a wand of digging (11)
 f - a wand of polymorph (20)
 x - a wand of mindburst (8)
 G - a wand of paralysis (6)
 J - a wand of flame (22)
 L - a wand of light (5)
 T - a wand of iceblast (19)
Scrolls
 g - 10 scrolls of teleportation
 j - 3 scrolls of enchant weapon
 k - a scroll of silence {!r}
 q - 8 scrolls of revelation
 t - a scroll of amnesia
 v - 3 scrolls of blinking
 y - a scroll of immolation
 F - 4 scrolls of poison
 I - a scroll of fear
 K - 3 scrolls of fog
 N - 2 scrolls of vulnerability
Potions
 i - 2 potions of haste
 m - 7 potions of heal wounds
 s - 14 potions of curing
 u - 3 potions of might
 w - 6 potions of attraction
 z - 2 potions of enlightenment
 A - 3 potions of cancellation
 B - 7 potions of lignification {!q}
 E - 3 potions of invisibility
 O - 4 potions of berserk rage {!q}
 V - a potion of ambrosia
Miscellaneous
 P - a lightning rod (4/4)
 Q - a tin of tremorstones (2/2)


   Skills:
 + Level 12.2(17.2) Fighting
 + Level 16.1(21.1) Long Blades
 + Level 10.9(15.9) Throwing
 + Level 11.0(16.0) Armour
 + Level 11.0(16.0) Dodging
 + Level 2.4 Spellcasting
 + Level 3.0 Translocations
 + Level 9.8 Invocations
 - Level 18.0 Evocations


You had 19 spell levels left.
You knew the following spells:

 Your Spells              Type           Power      Damage    Failure   Level
a - Apportation           Tloc           20%        N/A       41%         1

Your spell library contained the following spells:

 Spells                   Type           Power      Damage    Failure   Level
 Foxfire                  Conj/Fire      4%         2x1d4     83%         1
 Freeze                   Ice            4%         1d3       83%         1
 Magic Dart               Conj           4%         1d3       83%         1
 Slow                     Hex            4%         N/A       83%         1
 Sting                    Conj/Alch      4%         1d3       83%         1
 Cigotuvi's Dreadful Rot  Necr/Alch/Air  2%         N/A       93%         2
 Jinxbite                 Hex            2%         N/A       93%         2
 Mercury Vapours          Alch/Air       2%         N/A       93%         2
 Searing Ray              Conj           2%         2d4       93%         2
 Sublimation of Blood     Necr           1%         N/A       93%         2
 Confusing Touch          Hex            1%         N/A       99%         3
 Frozen Ramparts          Ice            2%         1d1       99%         3
 Fugue of the Fallen      Necr           1%         N/A       99%         3
 Hailstorm                Conj/Ice       1%         3d5       99%         3
 Inner Flame              Hex/Fire       1%         N/A       99%         3
 Ozocubu's Armour         Ice            1%         N/A       99%         3
 Vampiric Draining        Necr           1%         2d6       99%         3
 Passage of Golubria      Tloc           10%        N/A       99%         4
 Dimensional Bullseye     Hex/Tloc       3%         N/A       100%        4
 Dispel Undead            Necr           1%         3d6       100%        4
 Flame Wave               Conj/Fire      1%         2d4       100%        4
 Fulminant Prism          Conj/Alch      0%         3d5       100%        4
 Iskenderun's Mystic Bla Conj/Tloc 6%             2d4        (+2d1     100%        4
 Olgreb's Toxic Radiance  Alch           1%         N/A       100%        4
 Petrify                  Alch/Erth      1%         N/A       100%        4
 Sticky Flame             Fire/Alch      1%         2d4       100%        4
 Alistair's Intoxication  Alch           0%         N/A       100%        5
 Irradiate                Conj/Alch      0%         3d11      100%        5
 Iskenderun's Battlesphe  Conj           1%         2d6       100%        5
 Yara's Violent Unravell  Hex/Alch       0%         3d3       100%        5
 Bombard                  Conj/Erth      0%         9d1       100%        6
 Dispersal                Tloc           5%         N/A       100%        6
 Gell's Gavotte           Tloc           5%         2d(13-19) 100%        6
 Plasma Beam              Fire/Air       0%         2x1d10    100%        6
 Starburst                Conj/Fire      0%         6d3       100%        6
 Manifold Assault         Tloc           5%         N/A       100%        7
 Disjunction              Tloc           5%         N/A       100%        8
 Fulsome Fusillade        Conj/Alch      0%         (3-5)d4   100%        8
 Ignition                 Fire           0%         3d3       100%        8
 Call Imp                 Summ           Unusable   N/A       N/A         2
 Summon Ice Beast         Ice/Summ       Unusable   N/A       N/A         3
 Tukima's Dance           Hex            Unusable   N/A       N/A         3
 Martyr's Knell           Necr/Summ      Unusable   N/A       N/A         4
 Summon Mana Viper        Hex/Summ       Unusable   N/A       N/A         5
 Monstrous Menagerie      Summ           Unusable   N/A       N/A         7
 Spellforged Servitor     Conj/Summ      Unusable   N/A       N/A         7
 Summon Hydra             Summ           Unusable   N/A       N/A         7

Dungeon Overview and Level Annotations

Branches:
Dungeon (15/15)            Temple (1/1) D:5            Lair (5/5) D:10
 Shoals (0/4) Lair:2        Snake (4/4) Lair:3        Slime (0/5) Lair:5
    Orc (2/2) D:12            Elf (0/3) Orc:2        Vaults (0/5) D:14
 Depths (0/4) D:15        Ossuary (visited)

Altars:
Ashenzari
Cheibriados
Dithmenos
Elyvilon
Fedhas
Gozag
Hepliaklqana
Kikubaaqudgha
Makhleb
Nemelex Xobeh
Okawaru
Qazlal
Ru
Sif Muna
Trog
Uskayaw
Vehumet
Wu Jian
Xom
Yredelemnul
Zin
The Shining One
Beogh
Jiyva

Shops:
D:4 *   D:6 :   D:7 *   D:8 !   D:11 (   D:13 *   Orc:1 (   Orc:2 ([(=
Snake:2 =[([

Annotations:
Lair:5 1 runed translucent door


Innate Abilities, Weirdness & Mutations

You can wield a second weapon in your off-hand.
It takes a long time for you to wield or remove held weapons.
Your first few attacks do less damage.
You cannot equip rings or amulets.
Your system is resistant to poisons. (rPois)


Message History

The guardian serpent coils itself and waves its upper body at you.
The anaconda blinks!
The naga warrior blinks! x2; The naga blinks!
The salamander blinks!
Unknown command.
As you read the scroll of teleportation, it crumbles to dust.
You feel strangely unstable.
You feel sick. The anaconda grabs you.
The anaconda bites you but does no damage.
The anaconda constricts you.
The guardian serpent casts a spell at you.
The bolt of poison hits you. You resist.
* * * LOW HITPOINT WARNING * * *
The bolt of poison hits the naga warrior.
The guardian serpent's attack snaps the naga warrior out of its fear.
The naga warrior spits poison at you.
The splash of poison hits you but does no damage.
You resist. The naga completely misses you.
The naga warrior hits you with a +0 halberd!
* * * LOW HITPOINT WARNING * * *
The anaconda bites you but does no damage.
The anaconda constricts you.
The salamander hits you but does no damage.
The naga hits you with a +0 flail!
* * * LOW HITPOINT WARNING * * *
The naga warrior hits you but does no damage. x2
Unknown command.
Unknown command.
The anaconda's grasp on you weakens, but your attempt to escape fails.
You feel sick.
The anaconda bites you but does no damage.
The anaconda constricts you.
* * * LOW HITPOINT WARNING * * *
The anaconda bites you but does no damage.
The anaconda constricts you.
The guardian serpent casts a spell at you.
You feel as though you will be slow longer.
The salamander hits you but does no damage.
The naga hits you with a +0 flail!
* * * LOW HITPOINT WARNING * * *
The naga warrior hits you with a +0 battleaxe!
You die...

##....# ...# #.S...#
....## N.N#.....####
.....#
..N..?......###......
.S.......§..........)
.....................
.............§.§.....
............S.N......
#...........S@N......
##..S.......NN.......
##...............###
#################


You could see 2 naga warriors, a salamander (strong), an anaconda, a guardian
serpent and a naga (strong).

Vanquished Creatures
  Saint Roka (Snake:3)
  Rupert (D:13)
  Jorgrun (D:13)
  A lich (D:13)
  Gastronok (Lair:1)
  A sphinx (D:13)
  2 nagarajas (Snake:2)
  The ghost of Grimmash the Cleaver, a journeyman MDCj of Cheibriados (D:13)
  An orc warlord (Orc:2)
  Snorg (D:10)
  Josephine (Orc:2)
  2 hydras
  Fannar (D:12)
  2 ogre magi
  5 boulder beetles
  8 two-headed ogres
  7 centaur warriors
  4 death yaks (Lair:3)
  Erica (D:9)
  2 catoblepae (D:13)
  5 anacondas
  5 orc high priests (Orc:2)
  2 tengu warriors (D:15)
  8 naga warriors
  6 naga sharpshooters
  Urug (D:10)
  3 shock serpents
  A skyshark (Lair:4)
  3 salamander mystics
  9 skeletal warriors
  A goliath frog (Lair:5)
  A glowing orange brain (D:15)
  8 mana vipers
  Lodul (D:13)
  A deep elf archer (D:14)
  An arcanist (D:13)
  A naga ritualist (Snake:1)
  7 sea snakes (Snake:1)
  A phantasmal warrior (D:13)
  A harpy (Lair:2)
  A necromancer (D:13)
  2 deep elf zephyrmancers (D:14)
  2 obsidian bats
  5 orc knights (Orc:2)
  6 orc sorcerers
  20 ugly things
  A sun moth (shapeshifter) (D:15)
  4 manticores
  6 cyclopes
  4 deep elf pyromancers
  An oklob plant (D:10)
  11 salamanders
  5 kobold blastminers
  18 elephants
  Maurice (D:7)
  19 black mambas
  A black mamba (shapeshifter) (D:10)
  Joseph (D:10)
  7 naga magi
  A gargoyle (D:9)
  A torpor snail (Lair:2)
  15 cane toads
  3 efreet
  Maggie (D:9)
  A kobold demonologist (D:11)
  9 komodo dragons
  5 yaktaurs
  3 rime drakes
  3 tyrant leeches (Lair:5)
  A wolf spider simulacrum (D:13)
  3 polar bears
  6 trolls
  14 dream sheep (Lair:5)
  26 blink frogs
  A meliai zombie (D:10)
  13 slime creatures
  2 centaur simulacra
  2 shadows
  2 wyverns (D:10)
  4 wraiths
  4 basilisks
  39 yaks
  6 wargs (Orc:2)
  Grum (D:10)
  4 steam dragons
  20 vampire mosquitoes
  28 nagas
  4 acid dragons
  13 water moccasins
  3 sky beasts
  47 orc warriors
  23 ogres
  11 wolves
  7 centaurs
  A boggart (D:14)
  5 phantoms (D:6)
  2 weeping skulls
  8 kobold brigands
  15 bullfrogs
  2 scorpions (D:5)
  A gnoll sergeant (D:10)
  11 wights
  A wyvern skeleton (D:6)
  5 water moccasin zombies
  10 killer bees
  11 electric eels
  3 howler monkeys
  A bullfrog zombie (D:6)
  4 centaur zombies
  30 orc priests
  3 hounds
  A human zombie (D:10)
  A jelly (D:6)
  Crazy Yiuf (D:3)
  2 bombardier beetles
  A bullfrog skeleton (D:6)
  5 iguanas
  4 sleepcaps
  Terence (D:2)
  27 orc wizards
  6 hell rats (Lair:5)
  A statue (D:9)
  A killer bee zombie (D:6)
  2 crocodile zombies (Ossuary)
  5 mummies
  A howler monkey zombie (D:10)
  Robin (D:2)
  10 gnolls
  7 adders
  A white imp (D:7)
  2 ufetubi (D:6)
  6 adder zombies (Ossuary)
  3 dart slugs
  2 ribbon worms
  90 orcs
  5 ball pythons
  7 bats
  7 endoplasms
  2 giant cockroaches (D:1)
  14 gnoll zombies (Ossuary)
  11 goblins
  9 hobgoblins
  23 kobolds
  9 quokkas
  3 frilled lizards
  2 jackal zombies (Ossuary)
  3 orc zombies (Ossuary)
  6 rats
946 creatures vanquished.

Vanquished Creatures (others)
  A centaur warrior (D:13)
  A kobold brigand (D:14)
2 creatures vanquished.

Grand Total: 948 creatures vanquished

Notes
Turn   | Place    | Note
-------+----------+-------------------------------------------
     0 | D:1      | mopl the Coglin Gladiator began the quest for the Orb.
     0 | D:1      | Reached XP level 1. HP: 16/16 MP: 1/1
   190 | D:1      | Reached XP level 2. HP: 22/22 MP: 2/2
   671 | D:1      | Reached skill level 4 in Long Blades
   700 | D:2      | Noticed Robin
   707 | D:2      | Reached XP level 3. HP: 24/27 MP: 3/3
   726 | D:2      | Killed Robin
   810 | D:2      | Reached XP level 4. HP: 33/33 MP: 4/4
   821 | D:2      | Reached skill level 5 in Long Blades
   916 | D:2      | Noticed Terence
   929 | D:2      | Killed Terence
   930 | D:2      | Reached XP level 5. HP: 38/38 MP: 5/5
  1118 | D:2      | Found a faded altar of an unknown god.
  1306 | D:3      | Found a hide-covered altar of Uskayaw.
  1482 | D:3      | Found a shimmering blue altar of Sif Muna.
  1674 | D:3      | Found a blossoming altar of Fedhas.
  1737 | D:3      | Found a runed translucent door.
  1738 | D:3      | Noticed Crazy Yiuf
  1746 | D:3      | Killed Crazy Yiuf
  1747 | D:3      | Reached skill level 6 in Long Blades
  2145 | D:3      | Reached XP level 6. HP: 42/44 MP: 6/6
  2392 | D:4      | Found Qeses's General Store.
  2441 | D:4      | Bought a potion of curing for 30 gold pieces
  2441 | D:4      | Bought a scroll of teleportation for 30 gold pieces
  2441 | D:4      | Bought a potion of might for 40 gold pieces
  2507 | D:4      | Found a bloodstained altar of Trog.
  2733 | D:4      | Found a burning altar of Makhleb.
  2733 | D:4      | Noticed a chaos spawn
  2734 | D:4      | Found a shimmering altar of Xom.
  2734 | D:4      | Found a sparkling altar of Nemelex Xobeh.
  2877 | D:4      | Reached skill level 7 in Long Blades
  2936 | D:4      | Found a broken altar of Ashenzari.
  2936 | D:4      | Found a sacrificial altar of Ru.
  3170 | D:4      | Found a glowing silver altar of Zin.
  3177 | D:4      | Found a white marble altar of Elyvilon.
  3177 | D:4      | Found a glowing golden altar of the Shining One.
  3232 | D:5      | Entered Level 5 of the Dungeon
  3242 | D:5      | Found a staircase to the Ecumenical Temple.
  3256 | Temple   | Entered the Ecumenical Temple
  3259 | Temple   | Became a worshipper of Warmaster Okawaru
  3316 | D:5      | Found an ornate altar of the Wu Jian Council.
  3338 | D:5      | Found an ancient bone altar of Kikubaaqudgha.
  3347 | D:5      | Reached XP level 7. HP: 48/50 MP: 7/7
  3402 | D:5      | Found a sand-covered staircase.
  3414 | Ossuary  | Entered an ossuary
  3443 | Ossuary  | Reached skill level 1 in Armour
  3443 | Ossuary  | Reached skill level 3 in Dodging
  3448 | Ossuary  | Reached skill level 8 in Long Blades
  3448 | Ossuary  | Reached skill level 1 in Invocations
  3498 | Ossuary  | Reached * piety under Okawaru
  3540 | Ossuary  | Reached XP level 8. HP: 57/57 MP: 9/9
  3596 | Ossuary  | Reached skill level 3 in Fighting
  3709 | D:5      | Reached skill level 2 in Armour
  4008 | D:6      | Reached skill level 2 in Invocations
  4015 | D:6      | Reached skill level 1 in Evocations
  4078 | D:6      | Reached skill level 2 in Throwing
  4087 | D:6      | Reached ** piety under Okawaru
  4100 | D:6      | Reached skill level 2 in Evocations
  4186 | D:6      | Reached skill level 9 in Long Blades
  4186 | D:6      | Reached skill level 4 in Dodging
  4186 | D:6      | Reached skill level 3 in Evocations
  4186 | D:6      | Reached XP level 9. HP: 54/65 MP: 10/10
  4208 | D:6      | Found Emiokam's Book Shop.
  4294 | D:6      | Reached skill level 4 in Fighting
  4294 | D:6      | Reached skill level 3 in Armour
  4489 | D:7      | Found Beuc's Overcharged Wands.
  4551 | D:7      | Noticed Maurice
  4574 | D:7      | Something stole 3 throwing nets
  4577 | D:7      | Killed Maurice
  4577 | D:7      | Reached *** piety under Okawaru
  4578 | D:7      | Reached skill level 3 in Throwing
  4578 | D:7      | Reached skill level 4 in Evocations
  4820 | D:7      | Reached skill level 3 in Invocations
  4820 | D:7      | Reached skill level 5 in Evocations
  5331 | D:8      | Reached skill level 6 in Evocations
  5331 | D:8      | Reached XP level 10. HP: 32/73 MP: 12/12
  5338 | D:8      | Reached skill level 10 in Long Blades
  5703 | D:8      | Reached skill level 4 in Armour
  5714 | D:8      | Found an opulent altar of Gozag.
  5810 | D:8      | Reached skill level 5 in Fighting
  5848 | D:8      | Reached **** piety under Okawaru
  5896 | D:8      | Reached skill level 4 in Throwing
  5896 | D:8      | Reached skill level 5 in Dodging
  6091 | D:8      | Reached skill level 7 in Evocations
  6135 | D:8      | Noticed a two-headed ogre
  6297 | D:8      | Killed a two-headed ogre
  6797 | D:8      | Found Vobousuck's Distillery.
  6804 | D:8      | Bought a potion of cancellation for 112 gold pieces
  6804 | D:8      | Bought a potion of heal wounds for 70 gold pieces
  6804 | D:8      | Bought a potion of mutation for 112 gold pieces
  6804 | D:8      | Bought 2 potions of attraction for 84 gold pieces
  6804 | D:8      | Bought 2 potions of invisibility for 224 gold pieces
  7059 | D:8      | Bought a potion of lignification for 42 gold pieces
  7064 | D:9      | Noticed Erica
  7221 | D:9      | Reached skill level 4 in Invocations
  7223 | D:9      | Killed Erica
  7224 | D:9      | Reached skill level 8 in Evocations
  7333 | D:9      | Reached ***** piety under Okawaru
  7334 | D:9      | Reached XP level 11. HP: 78/81 MP: 14/14
  7347 | D:9      | Reached skill level 6 in Fighting
  7347 | D:9      | Reached skill level 11 in Long Blades
  7347 | D:9      | Reached skill level 5 in Armour
  7471 | D:9      | Found a shadowy altar of Dithmenos.
  7640 | D:9      | Found a radiant altar of Vehumet.
  7669 | D:9      | Found a stormy altar of Qazlal.
  7737 | D:9      | Found a snail-covered altar of Cheibriados.
  7791 | D:9      | Found a hazy altar of Hepliaklqana.
  7914 | D:9      | Noticed Maggie
  7927 | D:9      | Killed Maggie
  7958 | D:9      | Reached skill level 5 in Throwing
  7981 | D:10     | Entered Level 10 of the Dungeon
  7988 | D:10     | Reached skill level 9 in Evocations
  8285 | D:10     | Noticed an oklob plant
  8293 | D:10     | Noticed a centaur warrior
  8293 | D:10     | Noticed a centaur warrior
  8293 | D:10     | Noticed a cyclops
  8294 | D:10     | Noticed a deep elf pyromancer
  8294 | D:10     | Noticed a centaur warrior
  8294 | D:10     | Noticed an ogre mage
  8294 | D:10     | Noticed a boulder beetle
  8295 | D:10     | Noticed a boulder beetle
  8305 | D:10     | Noticed a manticore
  8306 | D:10     | Noticed Grum
  8335 | D:10     | Received a gift from Okawaru
  8355 | D:10     | HP: 2/81 [cyclops/large rock (35)]
  8362 | D:10     | Killed a cyclops
  8372 | D:10     | Killed a centaur warrior
  8373 | D:10     | Reached skill level 6 in Dodging
  8373 | D:10     | HP: 4/83 [boulder beetle (9)]
  8382 | D:10     | Killed a boulder beetle
  8714 | D:10     | Killed a centaur warrior
  8844 | D:10     | Reached skill level 10 in Evocations
  8847 | D:10     | Killed Grum
  8965 | D:10     | Killed a deep elf pyromancer
  8990 | D:10     | Found a staircase to the Lair.
  9000 | D:10     | Killed a centaur warrior
  9001 | D:10     | Reached skill level 5 in Invocations
  9201 | D:10     | Noticed a two-headed ogre
  9222 | D:10     | Killed a boulder beetle
  9222 | D:10     | Received a gift from Okawaru
  9223 | D:10     | Reached XP level 12. HP: 53/89 MP: 13/15
  9226 | D:10     | Noticed Snorg
  9228 | D:10     | Killed a two-headed ogre
  9241 | D:10     | Reached skill level 6 in Armour
  9256 | D:10     | HP: 2/89 [Snorg (13)]
  9260 | D:10     | Killed Snorg
  9261 | D:10     | Reached skill level 7 in Fighting
  9261 | D:10     | Reached skill level 12 in Long Blades
  9477 | D:10     | Noticed Joseph
  9488 | D:10     | Killed Joseph
  9493 | D:10     | Reached skill level 6 in Throwing
  9807 | D:10     | Found a basalt altar of Yredelemnul.
  9822 | D:10     | Reached skill level 11 in Evocations
  9938 | D:10     | Received a gift from Okawaru
 10035 | D:10     | Identified the +10 plate armour of Indemnity {Str+2}
 10463 | D:10     | Killed an ogre mage
 10500 | D:10     | Noticed Urug
 10532 | D:10     | Killed Urug
 11244 | D:11     | Received a gift from Okawaru
 11277 | D:11     | Reached skill level 7 in Dodging
 11385 | D:11     | Found Mylil's Antique Weapon Shoppe.
 11438 | D:11     | Identified the +12 glaive "Cytov" {antimagic, rC+ Will+
                  | Str+3 Int-2}
 11504 | D:11     | Noticed a boulder beetle
 11523 | D:11     | Killed a boulder beetle
 11524 | D:11     | Reached skill level 12 in Evocations
 11527 | D:11     | Noticed a boulder beetle
 11714 | D:11     | Killed a boulder beetle
 11715 | D:11     | Reached XP level 13. HP: 69/98 MP: 17/17
 11844 | D:11     | Gained mutation: Your system is resistant to poisons.
                  | (rPois) [a neqoxec]
 11972 | Lair:1   | Entered Level 1 of the Lair of Beasts
 12020 | Lair:1   | Reached ****** piety under Okawaru
 12021 | Lair:1   | Reached skill level 6 in Invocations
 12021 | Lair:1   | Acquired the +1 pair of boots of Resonance {Int+4 Slay+5}
 12021 | Lair:1   | Received a gift from Okawaru
 12032 | Lair:1   | Reached skill level 13 in Long Blades
 12042 | Lair:1   | Noticed Gastronok
 12064 | Lair:1   | Killed Gastronok
 12064 | Lair:1   | Received a gift from Okawaru
 12065 | Lair:1   | Reached skill level 8 in Fighting
 12065 | Lair:1   | Reached skill level 7 in Armour
 12319 | Lair:1   | Reached skill level 7 in Throwing
 12338 | Lair:1   | Acquired a +0 double sword of flaming
 12338 | Lair:1   | Received a gift from Okawaru
 12861 | Lair:2   | Received a gift from Okawaru
 13163 | Lair:2   | Found a staircase to the Shoals.
 13175 | Lair:2   | Reached skill level 13 in Evocations
 14586 | Lair:3   | Found a staircase to the Snake Pit.
 14882 | Lair:3   | Received a gift from Okawaru
 14960 | Lair:4   | Reached XP level 14. HP: 96/106 MP: 17/19
 15097 | Lair:4   | Reached skill level 8 in Dodging
 15223 | Lair:4   | Reached skill level 14 in Long Blades
 15223 | Lair:4   | Reached skill level 14 in Evocations
 15263 | Lair:4   | Reached skill level 9 in Fighting
 15365 | Lair:4   | Reached skill level 8 in Armour
 15452 | Lair:4   | Received a gift from Okawaru
 15508 | Lair:4   | Reached skill level 7 in Invocations
 15686 | Lair:5   | Entered Level 5 of the Lair of Beasts
 15752 | Lair:5   | Identified the serpent talisman of Past Mistakes {rF+ rC+
                  | Will+ Dex+2}
 15875 | Lair:5   | Reached skill level 8 in Throwing
 16541 | Lair:5   | Received a gift from Okawaru
 16959 | Lair:5   | Reached skill level 15 in Evocations
 17331 | Lair:5   | Found a runed translucent door.
 17332 | Lair:5   | Found a viscous altar of Jiyva.
 17332 | Lair:5   | Noticed an acid blob
 17333 | Lair:5   | Found a staircase to the Slime Pits.
 17469 | Lair:5   | Received a gift from Okawaru
 17964 | D:12     | Identified the +8 dagger "Omiwnu" {flame, rF+ Stlth+}
 18215 | D:12     | Reached XP level 15. HP: 109/114 MP: 20/20
 18365 | D:12     | Found a staircase to the Orcish Mines.
 18556 | D:12     | Reached skill level 15 in Long Blades
 18685 | Orc:1    | Entered Level 1 of the Orcish Mines
 18702 | Orc:1    | Noticed Fannar
 18771 | D:12     | Killed Fannar
 18875 | Orc:2    | Entered Level 2 of the Orcish Mines
 19123 | Orc:1    | Noticed Josephine
 19123 | Orc:1    | Found Xischew's Weapon Emporium.
 19130 | Orc:2    | Killed Josephine
 19144 | Orc:1    | Reached skill level 9 in Dodging
 19322 | Orc:1    | Received a gift from Okawaru
 19408 | Orc:1    | Reached skill level 10 in Fighting
 19797 | Orc:1    | Reached skill level 9 in Armour
 20126 | Orc:2    | Reached skill level 16 in Evocations
 20407 | Orc:2    | Found a staircase to the Elven Halls.
 20622 | Orc:2    | Received a gift from Okawaru
 20691 | Orc:2    | Found a roughly hewn altar of Beogh.
 20927 | Orc:2    | Reached skill level 8 in Invocations
 20939 | Orc:2    | Reached skill level 9 in Throwing
 21149 | Orc:2    | Found Ravvo's Antique Armour Emporium.
 21153 | Orc:2    | Bought a bloodstained helmet for 266 gold pieces
 21153 | Orc:2    | Identified the -1 helmet of the Nightingale {rC++ rCorr
                  | Int+3} (You bought it in a shop on level 2 of the Orcish
                  | Mines)
 21169 | Orc:2    | Found Tucaeh's Weapon Shoppe.
 21460 | Orc:2    | Noticed an orc warlord
 21483 | Orc:2    | Killed an orc warlord
 21483 | Orc:2    | Received a gift from Okawaru
 22008 | Orc:2    | Found Qagumakk's Jewellery Shop.
 22045 | Orc:2    | Found Funynoc's Antique Weapon Shoppe.
 22066 | Orc:2    | Found a roughly hewn altar of Beogh.
 22398 | D:11     | Bought a bone rapier for 270 gold pieces
 22398 | D:11     | Identified the +9 rapier of Wuikah {freeze, Stlth+} (You
                  | bought it in a shop on level 11 of the Dungeon)
 22528 | D:13     | Found Qacufaus's Assorted Antiques.
 22531 | D:13     | Bought a scroll labelled WUNEET XIGRIAM for 27 gold pieces
 22531 | D:13     | Bought a masterwork dagger for 189 gold pieces
 22531 | D:13     | Identified the +4 dagger "Death Rattle" {flame, rC+++
                  | Str+5} (You bought it in a shop on level 13 of the Dungeon)
 22635 | D:13     | Acquired a neomodule N-80 {rF+ Slay+3 Clar RMsl}
 22649 | D:13     | Noticed Jorgrun
 22657 | D:13     | Noticed Rupert
 22661 | D:13     | Killed Jorgrun
 22662 | D:13     | Reached XP level 16. HP: 109/123 MP: 20/22
 22667 | D:13     | Paralysed by Rupert for 3 turns
 22674 | D:13     | Killed Rupert
 22750 | D:13     | Received a gift from Okawaru
 22768 | D:13     | Noticed Lodul
 22794 | D:13     | Killed Lodul
 22813 | D:13     | Identified the blade talisman of Unreason {Str+3 Slay+2}
 22914 | D:13     | Found a runed translucent door.
 22915 | D:13     | Noticed a sphinx
 22925 | D:13     | Reached skill level 17 in Evocations
 22970 | D:13     | Found a runed translucent door.
 22996 | D:13     | Noticed a lich
 22997 | D:13     | Noticed Grimmash's ghost (journeyman MDCj)
 23163 | D:13     | Killed a sphinx
 23173 | D:13     | Killed a lich
 23174 | D:13     | Reached skill level 16 in Long Blades
 23183 | D:13     | Killed Grimmash's ghost
 23403 | D:14     | Received a gift from Okawaru
 23783 | D:14     | Reached skill level 11 in Fighting
 23813 | D:14     | Reached skill level 10 in Dodging
 23912 | D:14     | Reached skill level 10 in Armour
 23982 | D:14     | Found a gate to the Vaults.
 24134 | D:15     | Entered Level 15 of the Dungeon
 24397 | D:15     | Reached skill level 18 in Evocations
 24538 | D:15     | Reached skill level 10 in Throwing
 24818 | D:15     | Reached skill level 9 in Invocations
 24851 | D:15     | Received a gift from Okawaru
 24862 | D:15     | Found a staircase to the Depths.
 25241 | Snake:1  | Entered Level 1 of the Snake Pit
 25514 | Snake:1  | Reached XP level 17. HP: 131/131 MP: 23/23
 26376 | Snake:1  | Received a gift from Okawaru
 26412 | Snake:1  | Learned a level 1 spell: Apportation
 26801 | Snake:2  | Reached skill level 1 in Translocations
 26810 | Snake:2  | Reached skill level 1 in Spellcasting
 26938 | Snake:2  | Found Nuxitim's Armour Shoppe.
 26938 | Snake:2  | Found Idghadaku's Jewellery Emporium.
 26939 | Snake:2  | Found Qaodwieg's Armour Emporium.
 26942 | Snake:2  | Found Fiuhubal's Antique Weapon Shoppe.
 27038 | Snake:2  | Received a gift from Okawaru
 27409 | Snake:2  | Reached skill level 2 in Translocations
 27580 | Snake:2  | Reached skill level 12 in Fighting
 27965 | Snake:3  | Received a gift from Okawaru
 28004 | Snake:3  | Noticed Saint Roka
 28021 | Snake:3  | Killed Saint Roka
 28022 | Snake:3  | Reached skill level 2 in Spellcasting
 28555 | Snake:3  | Reached skill level 11 in Armour
 28757 | Snake:3  | Reached skill level 11 in Dodging
 29207 | Snake:3  | Reached skill level 3 in Translocations
 29244 | Snake:4  | Entered Level 4 of the Snake Pit
 29252 | Snake:4  | Received a gift from Okawaru
 29338 | Snake:4  | HP: 5/133 [naga/+0 flail (16)]
 29338 | Snake:4  | Mangled by a naga warrior

Illustrated notes

Levels and vault maps discovered:
D:1:      scummos_arrival_gate, layout_basic
D:2:      layout_rooms, shapermc_ecumenical_altar_mp_highgroup, uniq_terence,
          uniq_robin
D:3:      layout_loops_corners, mainiacjoe_overflow_alcove_4, fedhas_altar_1,
          mainiacjoe_overflow_chevrons, uniq_crazy_yiuf_cottage
D:4:      layout_loops_corners, good_gods_temple_1,
          dolorous_overflow_abandoned_chaos_spawn_temple, trog_butcher_becter,
          jmf_multi_god_temple, kennysheep_windowed_goal
D:5:      layout_cave_pools, overflow_temple_1_default,
          nicolae_wu_jian_wuxing_cycle, minmay_temple_entry_grid,
          enter_ossuary_3, minmay_manual_moon
D:6:      layout_basic, serial_undead, serial_undead_f, serial_undead_c,
          serial_undead_c, serial_undead_c, serial_shops, shop
D:7:      layout_basic, nicolae_shop_overcharged_wands, uniq_maurice
D:8:      layout_basic, marbit_many_paths, serial_shops, shop,
          minmay_stone_trees_medium
D:9:      layout_roguey, vehumet_statue, nicolae_dithmenos_the_darkroom,
          nicolae_hepliaklqana_hazy_memory, lemuel_round_altar,
          chei_slow_surprise, uniq_maggie, uniq_erica
D:10:     minmay_the_grid_octo_2x2 [minmay_the_grid_octo_toaster,
          minmay_the_grid_octo_empty, minmay_the_grid_octo_fat_diamond,
          minmay_the_grid_octo_prize_square_snowflake], layout_stronghold,
          lemuel_mausoleum_altar_yredelemnul, dpeg_oklobed_lair, uniq_urug,
          uniq_joseph, uniq_snorg, uniq_grum
D:11:     layout_small_grid, serial_shops, nicolae_shop_tiny_statue_garden,
          hangedman_abyss_or_decor_slice, hangedman_misty_isle
D:12:     layout_basic, orc_0_dummy
D:13:     layout_cave_pools, muffindrake_ghost_dual_entry, serial_shops, shop,
          uniq_rupert, uniq_jorgrun, uniq_lodul
D:14:     layout_rooms, hangedman_vaults_entry_quadrant_bands
D:15:     gammafunk_enter_depths_forms, layout_rooms, nicolae_zig_zag_zippers
Temple:   ebering_the_one_and_only
Lair:1:   layout_long_grid, uniq_gastronok
Lair:2:   layout_long_grid, nicolae_shoals_entry_roost
Lair:3:   layout_cave_pods, nicolae_snake_entry_squirm
Lair:4:   layout_gridlike, grunt_forest_stairs_basic
Lair:5:   minmay_lair_end_frog_pond, layout_gridlike, slime_entry_2,
          serial_bayou_shore_a, lemuel_fruit_fields
Snake:1:  layout_rooms, serial_bayou, serial_bayou_ford_a,
          serial_bayou_lagoon_a, serial_bayou_lagoon_b, serial_bayou_pond_e
Snake:2:  layout_cave_town, minmay_shoptagon
Snake:3:  layout_cave_shapes, uniq_saint_roka
Snake:4:  grunt_snake_rune_spirals, layout_onion
Orc:1:    layout_caves, serial_shops, shop, uniq_fannar, uniq_josephine
Orc:2:    pubby_orc_utopia

Skill      XL: |  1  2  3  4  5  6  7  8  9 10 11 12 13 14 15 16 17 |
---------------+----------------------------------------------------+-----
Long Blades    | 4 5 6 7 8 9 10 11 12 13 14 15 16 | 16.1
Armour         | 1 2 3 4 5 6 7 8 9 10 11 | 11.0
Dodging        | 3 4 5 6 7 8 9 10 11 | 11.0
Invocations    | 1 2 3 4 5 6 7 8 9 |  9.8
Fighting       | 3 4 5 6 7 8 9 10 11 12 | 12.2
Evocations     | 3 6 8 10 12 13 15 16 18 | 18.0
Throwing       | 2 3 4 5 6 7 8 9 10 | 10.9
Translocations | 3 |  3.0
Spellcasting   | 2 |  2.4

Action                     |  1- 3 |  4- 6 |  7- 9 | 10-12 | 13-15 | 16-18 || total
---------------------------+-------+-------+-------+-------+-------+-------++-------
  Melee: Long sword        |    58 |   132 |   296 |       |       |       ||   486
         Dagger            |    45 |   128 |   294 |       |       |       ||   467
         Falchion          |       |       |    77 |   115 |       |       ||   192
         Short sword       |       |       |    60 |   532 |  1082 |       ||  1674
         Scimitar          |       |       |       |   453 |    97 |       ||   550
         Double sword      |       |       |       |       |  1101 |   482 ||  1583
         Rapier            |       |       |       |       |    12 |   457 ||   469
  Throw: Dart              |       |       |       |    11 |    11 |    19 ||    41
         Boomerang         |       |       |       |       |       |    75 ||    75
 Invoke: Heroism           |       |       |     2 |     8 |     7 |     4 ||    21
         Receive Weapon    |       |       |       |       |     1 |       ||     1
         Receive Armour    |       |       |       |       |     1 |       ||     1
Ability: Invent Gizmo      |       |       |       |       |     1 |       ||     1
  Evoke: Wand              |       |       |       |     6 |     1 |     1 ||     8
    Use: Scroll            |       |       |       |    12 |     7 |     5 ||    24
         Potion            |       |       |       |     3 |     1 |       ||     4
   Stab: Paralysed         |       |       |       |    16 |       |     2 ||    18
 Armour: Leather armour    |    11 |       |       |       |       |       ||    11
         Ring mail         |    21 |    12 |       |       |       |       ||    33
         Scale mail        |       |    62 |    96 |       |       |       ||   158
         Chain mail        |       |       |   150 |   132 |       |       ||   282
         Swamp dragon scal |       |       |       |   269 |       |       ||   269
         Plate armour      |       |       |       |    72 |  1003 |   487 ||  1562
         Acid dragon scale |       |       |       |     3 |       |       ||     3
  Dodge: Dodged            |    46 |    63 |   125 |   304 |   467 |   210 ||  1215
         Repelled          |       |       |       |       |     1 |    86 ||    87

Table legend: (Time is in decaauts)
 A = Elapsed time spent in this place.
 B = Non-inter-level travel time spent in this place.
 C = Inter-level travel time spent in this place.
 D = Time resting spent in this place.
 E = Time spent auto-exploring this place.
 F = Levels seen in this place.
 G = Mean time per level.
                   A        B        C        D        E       F      G
               +--------+--------+--------+--------+--------+-----+--------+
         Total |  28656 |  27296 |   1360 |   7769 |  12901 |  28 | 1023.4 |
       Dungeon |  15078 |  14247 |    831 |   3641 |   7097 |  15 | 1005.2 |
        Temple |      6 |      6 |      0 |      0 |      0 |   1 |    6.0 |
          Lair |   5897 |   5555 |    342 |   1296 |   3076 |   5 | 1179.4 |
     Snake Pit |   4039 |   3951 |     88 |   1486 |   1708 |   4 | 1009.8 |
  Orcish Mines |   3435 |   3337 |     98 |   1345 |   1016 |   2 | 1717.5 |
       Ossuary |    198 |    198 |      0 |      0 |      4 |   1 |  198.0 |
               +--------+--------+--------+--------+--------+-----+--------+

Top non-repeatable levels by time:
   Orc:2: 2708 daAuts
    D:10: 2507 daAuts
  Lair:5: 2054 daAuts
     D:8: 1910 daAuts
 Snake:3: 1423 daAuts
  Lair:3: 1370 daAuts
 Snake:2: 1349 daAuts
     D:9: 1287 daAuts
 Snake:1: 1217 daAuts
    D:11: 1102 daAuts
     D:3: 968 daAuts
    D:13: 936 daAuts
     D:4: 935 daAuts
  Lair:1: 931 daAuts
    D:14: 907 daAuts
